 Dungeon Crawl Stone Soup version 0.25.1-8-g42b30a86e7 (webtiles) character file.

Game seed: 12879977403652547182

4410 hawla the Slasher (level 10, -24/69 HPs)
             Began as a Yellow Draconian Conjurer on Dec 11, 2020.
             Was a Believer of Vehumet.
             Annihilated by a two-headed ogre
             ... wielding a +0 giant club
              (27 damage)
             ... on level 8 of the Dungeon.
             The game lasted 00:25:56 (11226 turns).

hawla the Slasher (Yellow Draconian Conjurer)      Turns: 11226, Time: 00:25:57

Health: -24/69     AC: 11    Str: 11    XL:     10   Next: 14%
Magic:  11/20      EV: 12    Int: 18    God:    Vehumet [**....]
Gold:   499        SH:  0    Dex: 12    Spells: 15/23 levels left

rFire    . . .     SeeInvis .   v - +8 autumn katana {vorpal, Clar}
rCold    . . .     Gourm    .   (no shield)
rNeg     . . .     Faith    .   (armour unavailable)
rPois    .         Spirit   .   (helmet restricted)
rElec    .         Reflect  .   (no cloak)
rCorr    +         Harm     .   (no gloves)
MR       .....     Clarity  +   (no boots)
Stlth    ++........             f - amulet of inaccuracy (curse)
HPRegen  0.21/turn              m - ring of stealth
MPRegen  0.17/turn              d - +4 ring of protection

@: silence
A: spit acid, unfitting armour, antennae 1, big wings, stinger 1, blurry vision
1, cold-blooded, acid resistance, AC +7
a: Breathe Acid, Fly, Renounce Religion


You were on level 8 of the Dungeon.
You worshipped Vehumet.
Vehumet was pleased with you.
You were not hungry.

You visited 2 branches of the dungeon, and saw 9 of its levels.

You collected 499 gold pieces.

Inventory:

Hand Weapons
 v - the +8 autumn katana (weapon) {vorpal, Clar}
   (You took it off a gnoll on level 5 of the Dungeon)

   It inflicts extra damage upon your enemies.
   It protects you against confusion.
Missiles
 e - 72 poisoned darts (quivered)
 D - 2 boomerangs
Jewellery
 d - a +4 ring of protection (right hand)
 f - a cursed amulet of inaccuracy (around neck)
 h - a +6 ring of dexterity {unknown}
 m - a ring of stealth (left hand)
Wands
 g - a wand of paralysis (10)
 p - a wand of flame (19)
Scrolls
 c - 3 scrolls of identify
 l - 2 scrolls of magic mapping
 r - 2 scrolls of remove curse
 u - a scroll of amnesia
 y - 2 scrolls of teleportation
Potions
 a - a potion of flight
 j - 2 potions of resistance
 k - 3 potions of lignification {unknown}
 n - 4 potions of curing {unknown}
 o - a potion of brilliance
 q - 5 potions of degeneration {unknown}
 s - a potion of might
 t - a potion of ambrosia
 x - 2 potions of berserk rage
 C - a potion of mutation
Comestibles
 b - 12 rations


   Skills:
 - Level 7.8 Long Blades
 - Level 1.7 Dodging
 - Level 1.7 Stealth
 - Level 7.1 Spellcasting
 - Level 7.3 Conjurations
 - Level 6.5 Translocations
 + Level 4.1 Ice Magic


You had 15 spell levels left.
You knew the following spells:

 Your Spells              Type           Power        Failure   Level  Hunger
a - Magic Dart            Conj           ####         1%          1    None
b - Searing Ray           Conj           ####..       1%          2    None
c - Iskenderun's Mystic   Conj/Tloc      ####....     6%          4    ####...
d - Freeze                Ice            ###.         1%          1    None

Your spell library contained the following spells:

 Spells                   Type           Power        Failure   Level  Hunger
 Shock                    Conj/Air       ###.         2%          1    None
 Dazzling Flash           Conj/Hex       ###...       7%          3    ##.....
 Stone Arrow              Conj/Erth      ###...       7%          3    ##.....
 Sandblast                Erth           #.....       11%         1    None
 Passwall                 Tmut/Erth      #.......     16%         2    None
 Fulminant Prism          Conj/Hex       ###.......   24%         4    ####...
 Borgnjor's Vile Clutch   Necr/Erth      #.........   96%         5    #####..
 Shatter                  Erth           #.........   100%        9    #######


Dungeon Overview and Level Annotations

Branches:
Dungeon (8/15)             Temple (1/1) D:6
   Lair: D:8-11

Altars:
Cheibriados
Dithmenos
Elyvilon
Fedhas
Gozag
Kikubaaqudgha
Makhleb
Nemelex Xobeh
Ru
Sif Muna
Trog
Uskayaw
Vehumet
Wu Jian
Yredelemnul
Zin

Shops:
D:4 }


Innate Abilities, Weirdness & Mutations

You can spit globs of acid.
Your golden yellow scales are hard. (AC +7)
You cannot fit into any form of body armour.
You are cold-blooded and may be slowed by cold attacks.
You are resistant to acid. (rCorr)
You have a pair of small antennae on your head.
Your large and strong wings let you fly indefinitely.
Your tail ends in a poisonous barb.
Scrolls take you a little longer to read.


Message History

The sky beast hits you but does no damage.
You completely miss the sky beast.
The sky beast is almost dead.
You kill the sky beast!
Vehumet accepts your kill.
Your Ice Magic skill increases to level 4!
Unknown command.
The phantom blinks!
The two-headed ogre misses you.
You riposte.
You slash the two-headed ogre!
The two-headed ogre is lightly wounded.
The two-headed ogre hits you with a +0 giant spiked club!!
You see here a sky beast corpse.
You slash the two-headed ogre! You tail-slap the two-headed ogre.
The two-headed ogre is heavily wounded.
You slash the two-headed ogre! You tail-slap the two-headed ogre.
The two-headed ogre is almost dead.
The two-headed ogre hits you with a +0 giant club!!
* * * LOW HITPOINT WARNING * * *
The two-headed ogre hits you with a +0 giant spiked club!!
You die...

# #... ###########
#... #.........# #...
#.........# #...
#.........# #...
#.........# #...
#.........# ..
#...###..........# ...
#..W.@OZ........<. ...
#...###.........###...
#... ##.####...# ##.#
##.. #.# ##..##..# ###
#.. ..## #. ##P. .#.
..P ... .... ... ...


You could see a two-headed ogre, a phantom and a bullfrog skeleton.

Vanquished Creatures
  Harold (D:7)
  Sigmund (D:3)
  Menkaure (D:5)
  2 basilisks (D:8)
  Edmund (D:4)
  2 orc warriors (D:7)
  4 porcupines (D:8)
  An ice beast (D:7)
  A sky beast (D:8)
  3 ogres
  4 centaurs
  3 bullfrogs
  2 scorpions (D:5)
  6 killer bees (D:7)
  2 bullfrog zombies
  3 crimson imps
  2 jellies (D:7)
  2 hounds
  3 orc priests (D:7)
  A centaur skeleton (D:5)
  5 orc wizards
  Jessica (D:2)
  An iguana (D:6)
  8 worker ants
  A hound skeleton (D:6)
  3 worker ant zombies (D:5)
  4 gnolls (D:5)
  11 adders
  A howler monkey skeleton (D:6)
  An ooze (D:1)
  3 adder skeletons
  An adder zombie (D:6)
  A dart slug (D:1)
  A worm (D:3)
  5 leopard geckos
  22 orcs
  3 ball pythons
  3 giant cockroaches
  7 goblins
  13 hobgoblins
  7 jackals
  8 kobolds
  3 quokkas
  9 bats
  7 frilled lizards
  11 rats
185 creatures vanquished.

Vanquished Creatures (collateral kills)
  A bullfrog (D:8)
  An orc (D:8)
2 creatures vanquished.

Vanquished Creatures (others)
  2 plants (D:8)
2 creatures vanquished.

Grand Total: 189 creatures vanquished

Notes
Turn   | Place    | Note
-------+----------+-------------------------------------------
     0 | D:1      | hawla the Draconian Conjurer began the quest for the Orb.
     0 | D:1      | Reached XP level 1. HP: 14/14 MP: 3/3
   401 | D:1      | Reached XP level 2. HP: 20/20 MP: 0/5
   405 | D:1      | Learned a level 2 spell: Searing Ray
  1051 | D:1      | You fall into a shaft and drop 1 floor!
  1061 | D:2      | Reached XP level 3. HP: 12/26 MP: 0/7
  1531 | D:2      | Noticed Jessica
  1533 | D:2      | Killed Jessica
  1533 | D:2      | Reached XP level 4. HP: 33/33 MP: 7/10
  1539 | D:2      | Learned a level 4 spell: Iskenderun's Mystic Blast
  2665 | D:2      | Reached skill level 1 in Translocations
  2900 | D:3      | Noticed Sigmund
  3090 | D:3      | Killed Sigmund
  3090 | D:3      | Reached XP level 5. HP: 32/38 MP: 2/11
  3090 | D:3      | Reached XP level 6. HP: 38/45 MP: 2/12
  3791 | D:4      | Noticed Edmund
  4068 | D:4      | Killed Edmund
  4068 | D:4      | Reached skill level 5 in Conjurations
  4235 | D:4      | Your scales start taking on a golden yellow colour.
  4235 | D:4      | Reached XP level 7. HP: 48/50 MP: 7/13
  4235 | D:4      | Gained mutation: You are resistant to acid. (rCorr) [Yellow
                  | Draconian growth]
  4332 | D:4      | You fall into a shaft and drop 1 floor!
  4332 | D:5      | Entered Level 5 of the Dungeon
  4413 | D:5      | Found a sacrificial altar of Ru.
  5019 | D:4      | Reached skill level 5 in Translocations
  5597 | D:4      | Found Feddon's Gadget Shop.
  6279 | D:5      | Reached XP level 8. HP: 57/57 MP: 3/14
  6589 | D:5      | Found a burning altar of Makhleb.
  6592 | D:5      | Noticed an Executioner
  6594 | D:5      | Found a glowing silver altar of Zin.
  6594 | D:5      | Noticed an angel
  6979 | D:5      | Reached skill level 1 in Long Blades
  7029 | D:5      | Noticed Menkaure
  7034 | D:5      | Killed Menkaure
  8011 | D:6      | Found a staircase to the Ecumenical Temple.
  8020 | Temple   | Entered the Ecumenical Temple
  8195 | Temple   | Became a worshipper of Vehumet
  8622 | D:6      | Reached skill level 5 in Spellcasting
  9072 | D:7      | Noticed Harold
  9081 | D:7      | Gained mutation: You have a pair of small antennae on your
                  | head. [potion of mutation]
  9081 | D:7      | Gained mutation: Scrolls take you a little longer to read.
                  | [potion of mutation]
  9081 | D:7      | Gained mutation: Your large and strong wings let you fly
                  | indefinitely. [potion of mutation]
  9081 | D:7      | Gained mutation: Your tail ends in a poisonous barb.
                  | [potion of mutation]
  9087 | D:7      | Killed Harold
  9087 | D:7      | Reached XP level 9. HP: 37/62 MP: 9/17
  9618 | D:7      | Found a sparkling altar of Nemelex Xobeh.
  9619 | D:7      | Found an ancient bone altar of Kikubaaqudgha.
  9619 | D:7      | Found a basalt altar of Yredelemnul.
  9688 | D:7      | Reached * piety under Vehumet
  9688 | D:7      | Offered knowledge of Freeze by Vehumet.
  9873 | D:7      | Found an ornate altar of the Wu Jian Council.
 10639 | D:7      | Identified the Tome of Calculation
 10643 | D:7      | Learned a level 1 spell: Freeze
 11048 | D:8      | Reached skill level 1 in Ice Magic
 11062 | D:8      | Reached XP level 10. HP: 67/69 MP: 18/20
 11077 | D:8      | Reached ** piety under Vehumet
 11078 | D:8      | Offered knowledge of Shock by Vehumet.
 11208 | D:8      | Noticed a two-headed ogre
 11226 | D:8      | HP: 3/69 [two-headed ogre/+0 giant club (21)]
 11226 | D:8      | Annihilated by a two-headed ogre

Illustrated notes

Levels and vault maps discovered:
D:1:      dpeg_arrival_circle_labyrinth_b, layout_rooms, minmay_rat_gold_closets
D:2:      layout_basic, dk_noncrumbling_2, uniq_jessica
D:3:      layout_basic, uniq_sigmund
D:4:      layout_cave_pods, serial_shops, nicolae_shop_crystal, uniq_edmund
D:5:      layout_loops_corners, grunt_temple_overflow_order_and_chaos_2,
          old_standard_altar, first_ration, uniq_menkaure
D:6:      layout_cave_pods, minmay_temple_entry_statues, minmay_misc_feat_five,
          patterned_corridor
D:7:      layout_layer_cave, gammafunk_temple_overflow_claw,
          nicolae_overflow_crystal_walls, grunt_ministairs_6, uniq_harold
D:8:      layout_rooms, lemuel_doored_altar, minmay_lair_entry_grove,
          serial_shops, nicolae_shop_competitors_out_of_business, serial_curves,
          eino_curves_02, eino_curves_03, eino_curves_03, eino_curves_02,
          special_room [special_room_orc]
Temple:   dpeg_three_leaves_temple

Skill      XL: |  1  2  3  4  5  6  7  8  9 10 |
---------------+-------------------------------+-----
Spellcasting   | 3 4 5 7 |  7.1
Translocations | 3 4 6 |  6.5
Conjurations   | 5 6 7 |  7.3
Long Blades    | 6 7 |  7.8
Ice Magic      | 2 4 |  4.1
Dodging        | |  1.7
Stealth        | |  1.7

Action                   |  1- 3 |  4- 6 |  7- 9 | 10-12 || total
-------------------------+-------+-------+-------+-------++-------
Melee: Unarmed           |    36 |    46 |     8 |       ||    90
       Tailslap          |     2 |     5 |     3 |     5 ||    15
       Katana            |       |       |    15 |     8 ||    23
 Cast: Magic Dart        |    44 |    48 |   102 |     8 ||   202
       Searing Ray       |    12 |    26 |    86 |     3 ||   127
       Iskenderun's Myst |       |       |     5 |     6 ||    11
       Freeze            |       |       |       |     2 ||     2
  Use: Scroll            |       |    12 |     8 |     3 ||    23
       Potion            |       |     1 |     2 |     2 ||     5
  Eat: Chunk             |     3 |     9 |    18 |       ||    30
       Ration            |       |       |     1 |     1 ||     2
Armor: Skin              |    10 |    35 |    46 |    27 ||   118
Dodge: Dodged            |    21 |    92 |    81 |    30 ||   224
       Rpst.: Katana     |       |       |    14 |     7 ||    21
